 Dungeon Crawl Stone Soup version 0.30.1-11-g7821555f0a (webtiles) character file.

Game seed: 6675291432023765182

161 Dordric the Stinger (level 5, -19/31 HPs)
             Began as an Octopode Venom Mage on Oct 31, 2023.
             Demolished by an ogre
             ... wielding a +0 giant spiked club
              (27 damage)
             ... on level 6 of the Dungeon.
             The game lasted 00:03:18 (2649 turns).

Dordric the Stinger (Octopode Venom Mage)           Turns: 2649, Time: 00:03:19

Health: -19/31     AC:  1    Str:  9    XL:     5   Next: 42%
Magic:  6/10       EV: 13    Int: 19    God:
Gold:   109        SH:  0    Dex: 13    Spells: 6/11 levels left

rFire   . . .        l - +1 dagger "Byaxt" {pain, rN+ Str+2}
rCold   . . .        (no shield)
rNeg    + . .        (helmet restricted)
rPois   .            (no amulet)
rElec   .            (no ring)
rCorr   .            (no ring)
SInv    .            (no ring)
Will    .....        (no ring)
Stlth   +++          (no ring)
HPRegen 0.25/turn    (no ring)
MPRegen 0.12/turn    (no ring)
                     (no ring)

%: no passive effects
@: no status effects
A: almost no armour, amphibious, 8 rings, camouflage 1, gelatinous body 1,
(nimble swimmer 1), tentacles
a: no special abilities


You were on level 6 of the Dungeon.
You visited 1 branch of the dungeon, and saw 4 of its levels.

You collected 109 gold pieces.

Inventory:

Hand Weapons
 l - the +1 dagger "Byaxt" (weapon) {pain, rN+ Str+2}
   (You found it on level 2 of the Dungeon)

   Str:       It affects your strength (+2).
   rN:        It protects you from negative energy.
Missiles
 o - 2 throwing nets
Jewellery
 n - a ring of willpower
Scrolls
 b - 3 scrolls of teleportation {unknown}
 e - a scroll of torment {unknown}
 g - a scroll of amnesia {unknown}
 h - 2 scrolls of identify {unknown}
 i - a scroll of brand weapon {unknown}
 j - a scroll of fear {unknown}
 k - a scroll of magic mapping {unknown}
Potions
 a - a potion of magic
 c - a potion of mutation {unknown}
 d - 2 potions of curing {unknown}
 f - a potion of might {unknown}
 m - a potion of haste {unknown}


   Skills:
 - Level 2.0 Dodging
 - Level 2.6 Stealth
 + Level 3.8 Spellcasting
 - Level 1.0 Transmutations
 + Level 5.6 Poison Magic


You had 6 spell levels left.
You knew the following spells:

 Your Spells              Type           Power      Damage    Failure   Level
a - Sting                 Tmut/Pois      64%        1d6       3%          1
b - Olgreb's Toxic Radia  Pois           25%        N/A       14%         4

Your spell library contained the following spells:

 Spells                   Type           Power      Damage    Failure   Level
 Poisonous Vapours        Pois/Air       28%        N/A       7%          2
 Mephitic Cloud           Conj/Pois/Air  10%        N/A       19%         3


Dungeon Overview and Level Annotations

Branches:
Dungeon (3/15)

Altars:
Cheibriados


Innate Abilities, Weirdness & Mutations

You cannot wear most types of armour.
You are amphibious.
You can wear up to eight rings at the same time.
Your skin changes colour to match your surroundings (Stealth+).
Your rubbery body absorbs attacks. (AC +1, EV +1)
((You are camouflaged when in or above water. (Stealth+)))
You have tentacles for arms and can constrict up to eight enemies at once.


Message History

The black bear claws you. x2
* * * LOW HITPOINT WARNING * * *
You hit the black bear.
The black bear is almost dead.
You constrict the black bear, but do no damage.
You kill the black bear!
You have reached level 5!
You feel agile.
You open the door.
Found a stone staircase leading down.
There is an open door here.
An ogre comes into view. It is wielding a +0 giant spiked club.
Found 13 gold pieces.
An ogre is nearby!
An ogre is nearby!
You can't see any susceptible monsters within range! (Use Z to cast anyway.)
The helpless ogre fails to defend itself.
You hit the ogre.
The ogre is moderately wounded.
The ogre barely misses you.
You hit the ogre. You squeeze the ogre.
The ogre is heavily wounded.
The ogre attacks as you move away! The ogre completely misses you.
The ogre attacks as you move away!
The ogre hits you with a +0 giant spiked club!!
Ouch! That really hurt!
* * * LOW HITPOINT WARNING * * *
You are too injured to fight recklessly!
You are too injured to fight recklessly!
Casting: Sting (safe; 3% risk of failure)
Confirm with . or Enter, or press ? or * to list all spells.
The spell is extremely dangerous to miscast (14% risk of failure)!
Continue anyway?
You begin to radiate toxic energy.
The ogre is poisoned.
The ogre looks even sicker.
Your toxic aura wanes.
The ogre attacks as you move away! The ogre closely misses you.
The ogre attacks as you move away!
The ogre hits you with a +0 giant spiked club!!
Ouch! That really hurt!
You die...

.#..)....# #...#########
.####....# ...#........
.####....# #>..........
.........####.##........
######.####....+........
#.# #.##.#........ #.# #
#...?..$... #)#
##.O###### ###.# ##@.#
#...# ######'## #.###
#.......## #.#
#........#### #.# #.#
#...........# #.#
#.#.............# #.#
#.#.............### #.#
#.#..#...#.#..##..+ #.#
#.#...#.#..##..#.##


You could see an ogre (very poisoned).

Vanquished Creatures
  A black bear (D:6)
  2 adders (D:2)
  2 dart slugs
  5 orcs (D:6)
  5 ball pythons
  5 bats
  6 endoplasms
  5 goblins
  2 hobgoblins (D:1)
  2 jackals (D:1)
  3 quokkas
  A frilled lizard (D:1)
  5 kobolds
  A rat (D:2)
45 creatures vanquished.

Notes
Turn   | Place    | Note
-------+----------+-------------------------------------------
     0 | D:1      | Dordric the Octopode Venom Mage began the quest for the
                  | Orb.
     0 | D:1      | Reached XP level 1. HP: 11/11 MP: 3/3
   293 | D:1      | Reached XP level 2. HP: 17/17 MP: 1/5
   299 | D:1      | Reached skill level 4 in Poison Magic
   375 | D:1      | Found a faded altar of an unknown god.
  1025 | D:1      | Reached XP level 3. HP: 21/21 MP: 3/6
  1692 | D:2      | Found a snail-covered altar of Cheibriados.
  1823 | D:2      | Reached XP level 4. HP: 26/27 MP: 3/8
  1933 | D:2      | Learned a level 4 spell: Olgreb's Toxic Radiance
  1986 | D:2      | Identified the +1 dagger "Byaxt" {pain, rN+ Str+2}
  2227 | D:3      | You fall into a shaft and drop 3 floors!
  2435 | D:6      | Reached skill level 5 in Poison Magic
  2521 | D:6      | Noticed a black bear
  2531 | D:6      | Killed a black bear
  2532 | D:6      | Reached XP level 5. HP: 8/31 MP: 4/10
  2638 | D:6      | Noticed an ogre
  2649 | D:6      | Demolished by an ogre

Illustrated notes

Levels and vault maps discovered:
D:1:      pf_arrival_petrified_forest, layout_loops_corners,
          nicolae_ecumenical_snake_handling
D:2:      layout_loops_ring, basic_altar, kennysheep_generic_room_14
D:3:      layout_rooms, portal_sewer_entry_f
D:6:      layout_basic, nrook_pool_corridor,
          hangedman_abyss_or_decor_lesser_grid, corexii_checkpoint_a

Skill      XL: |  1  2  3  4 |
---------------+-------------+-----
Poison Magic   | 4 5 |  5.6
Spellcasting   | 3 |  3.8
Dodging        | |  2.0
Stealth        | |  2.6
Transmutations | |  1.0

Action                     |  1- 3 |  4- 6 || total
---------------------------+-------+-------++-------
  Melee: Unarmed           |    13 |       ||    13
         Constrict         |     4 |     2 ||     6
         Tentacles         |     3 |     3 ||     6
         Dagger            |       |     8 ||     8
         Punch             |       |     1 ||     1
   Cast: Sting             |    72 |    23 ||    95
         Olgreb's Toxic Ra |       |     1 ||     1
   Stab: Sleeping          |     1 |     1 ||     2
 Armour: Skin              |     3 |       ||     3
  Dodge: Dodged            |    30 |    17 ||    47
